 Dungeon Crawl Stone Soup version 0.28-a0-1616-g050a50673c (webtiles) character file.

Game seed: 13433964745787269828

1234 grumblor the Chopper (level 8, 0/42 HPs)
             Began as a Vine Stalker Fighter on Jan 23, 2022.
             Was an Initiate of Sif Muna.
             Slain by a gnoll sergeant (7 damage)
             ... on level 6 of the Dungeon.
             The game lasted 00:06:19 (4984 turns).

grumblor the Chopper (Vine Stalker Fighter)         Turns: 4984, Time: 00:06:20

Health: 0/42       AC: 12    Str: 20    XL:     8   Next: 48%
Magic:  0/10       EV:  5    Int:  8    God:    Sif Muna [......]
Gold:   265        SH:  9    Dex: 15    Spells: 7/7 levels left

rFire   . . .      SeeInvis .   j - +2 war axe of the Establishment {vorpal, rPois}
rCold   . . .      Faith    .   i - +0 kite shield
rNeg    . . .      Spirit   +   l - +0 plate armour
rPois   +          Reflect  .   b - +0 helmet
rElec   .          Harm     .   (no cloak)
rCorr   .          Rampage  .   (no gloves)
Will    +....                   (no boots)
Stlth   ..........              (no amulet)
HPRegen 0.94/turn               (no ring)
MPRegen 0.12/turn               (no ring)

@: no status effects
A: fangs 3, regeneration 1, magic shield, antimagic bite, no potion heal 2
a: Renounce Religion


You were on level 6 of the Dungeon.
You worshipped Sif Muna.
Sif Muna was noncommittal.
You visited 1 branch of the dungeon, and saw 6 of its levels.

You collected 265 gold pieces.

Inventory:

Hand Weapons
 a - a +0 war axe
 j - the +2 war axe of the Establishment (weapon) {vorpal, rPois}
   (You found it on level 5 of the Dungeon)

   It inflicts extra damage upon your enemies.
   rPois:     It protects you from poison.
Missiles
 g - 3 poisoned darts (quivered)
 n - 2 boomerangs
Armour
 b - a +0 helmet (worn)
 i - a +0 kite shield (worn)
 l - a +0 plate armour (worn)
Wands
 e - a wand of flame (9)
 h - a wand of iceblast (7)
Scrolls
 f - 4 scrolls of teleportation
Potions
 c - 3 potions of curing
 d - a potion of might
 k - a potion of invisibility
 m - a potion of mutation {unknown}


   Skills:
 + Level 3.9 Fighting
 + Level 5.0 Axes
 - Level 2.0 Throwing
 + Level 3.9 Armour
 * Level 2.8 Dodging
 + Level 3.6 Shields
 * Level 2.3 Invocations
 * Level 2.8 Evocations


You had 7 spell levels left.
You didn't know any spells.
Your spell library contained the following spells:

 Spells                   Type           Power      Damage    Failure   Level
 Pain                     Necr           0%         1d4       100%        1
 Gell's Gravitas          Tloc           0%         N/A       100%        3
 Teleport Other           Tloc           0%         N/A       100%        3
 Passage of Golubria      Tloc           0%         N/A       100%        4
 Agony                    Necr           0%         N/A       100%        5
 Excruciating Wounds      Necr           0%         N/A       100%        5
 Silence                  Hex/Air        0%         N/A       100%        5
 Dispersal                Tloc           0%         N/A       100%        6
 Lehudib's Crystal Spear  Conj/Erth      0%         10d2      100%        8


Dungeon Overview and Level Annotations

Branches:
Dungeon (6/15)
 Temple: D:4-7

Altars:
Nemelex Xobeh
Sif Muna
Xom
Zin

Shops:
D:1 (


Innate Abilities, Weirdness & Mutations

You have razor-sharp teeth.
Your natural rate of healing is unusually fast.
When hurt, damage is shared between your health and your magic reserves.
Your bite disrupts and absorbs the magic of your enemies.
Potions cannot restore your health.


Message History

The shadow imp hits you but does no damage.
You block the gnoll's attack. You block the gnoll sergeant's attack.
The gnoll hits you but does no damage.
You slash the shadow imp!
You kill the shadow imp!
Sif Muna accepts your kill.
You closely miss the gnoll. Your bite misses the gnoll.
The gnoll is lightly wounded.
The gnoll hits you with a +0 halberd.
You hit the gnoll. Your bite misses the gnoll.
The gnoll is severely wounded.
You block the gnoll's attack. The gnoll hits you but does no damage.
You slash the gnoll!
You kill the gnoll!
Sif Muna accepts your kill. The centaur hits you.
You block the centaur's attack.
You slash the centaur!
You kill the centaur!
Sif Muna accepts your kill.
You hit the gnoll sergeant but do no damage.
The gnoll sergeant is moderately wounded.
The gnoll sergeant hits you with a +1 spear of freezing.
* * * LOW HITPOINT WARNING * * *
The gnoll sergeant freezes you.
* * * LOW HITPOINT WARNING * * *
You hit the gnoll sergeant. You bite the gnoll sergeant. You drain its power.
You feel invigorated.
The gnoll sergeant is heavily wounded.
You block the gnoll sergeant's attack.
You hit the gnoll sergeant.
The gnoll sergeant is heavily wounded.
You block the gnoll sergeant's attack.
The gnoll sergeant hits you with a +1 spear of freezing.
* * * LOW HITPOINT WARNING * * *
The gnoll sergeant freezes you.
* * * LOW HITPOINT WARNING * * *
You completely miss the gnoll sergeant.
The gnoll sergeant is heavily wounded.
The gnoll sergeant hits you with a +1 spear of freezing!
You die...

##.............#
##.............#
#.............##
#..............#
##.............#
###...........##
####......##.#
#########.# #@##
####g#
##.#.#.#.###
#.....g)g..#
##....gg.#.#
#..........#
##....>..#..#
#...........#
##.......##..#


You could see a gnoll sergeant.

Vanquished Creatures
  2 sky beasts (D:6)
  An ice beast (D:6)
  An ogre (D:4)
  A centaur (D:6)
  A phantom (D:5)
  A water moccasin zombie (D:5)
  A wyvern zombie (D:5)
  2 scorpions (D:4)
  2 jellies (D:3)
  An orc priest (D:4)
  5 hounds
  Ijyb (D:3)
  2 orc wizards (D:6)
  2 adders (D:4)
  2 gnolls (D:6)
  A shadow imp (D:6)
  A white imp (D:4)
  2 worms (D:4)
  2 dart slugs (D:1)
  10 orcs
  7 ball pythons
  6 bats
  8 endoplasms
  3 giant cockroaches (D:1)
  7 goblins
  7 hobgoblins
  2 iguanas
  4 jackals (D:1)
  5 quokkas
  5 frilled lizards
  7 kobolds
  7 rats
109 creatures vanquished.

Notes
Turn   | Place    | Note
-------+----------+-------------------------------------------
     0 | D:1      | grumblor the Vine Stalker Fighter began the quest for the
                  | Orb.
     0 | D:1      | Reached XP level 1. HP: 11/11 MP: 2/2
   140 | D:1      | Found Qoap's Weapon Shop.
   174 | D:1      | Reached XP level 2. HP: 16/16 MP: 3/3
   309 | D:1      | Reached skill level 2 in Axes
   462 | D:1      | Reached XP level 3. HP: 19/19 MP: 4/4
  1873 | D:2      | Gained mutation: Your natural rate of healing is unusually
                  | fast. [Vine Stalker growth]
  1873 | D:2      | Reached XP level 4. HP: 24/24 MP: 3/5
  2363 | D:3      | Reached skill level 1 in Dodging
  2630 | D:3      | Reached skill level 1 in Throwing
  2634 | D:3      | Reached skill level 3 in Axes
  2634 | D:3      | Reached XP level 5. HP: 25/28 MP: 6/6
  2639 | D:3      | Found a shimmering altar of Xom.
  2772 | D:3      | Noticed Ijyb
  2781 | D:3      | Killed Ijyb
  2826 | D:3      | Found a faded altar of an unknown god.
  3128 | D:4      | Reached XP level 6. HP: 32/32 MP: 7/7
  3218 | D:4      | Reached skill level 1 in Evocations
  3388 | D:4      | Found a shimmering blue altar of Sif Muna.
  3388 | D:4      | Found a glowing silver altar of Zin.
  3396 | D:4      | Found a faded altar of an unknown god.
  3399 | D:4      | Became a worshipper of Sif Muna the Loreminder
  3403 | D:4      | Found a sparkling altar of Nemelex Xobeh.
  3405 | D:4      | Found a faded altar of an unknown god.
  3733 | D:5      | Entered Level 5 of the Dungeon
  3751 | D:5      | Reached skill level 4 in Axes
  3751 | D:5      | Reached XP level 7. HP: 30/36 MP: 6/8
  4067 | D:4      | Reached skill level 1 in Invocations
  4414 | D:5      | Identified the +2 war axe of the Establishment {vorpal,
                  | rPois}
  4695 | D:6      | Gained mutation: You have razor-sharp teeth. [Vine Stalker
                  | growth]
  4695 | D:6      | Reached XP level 8. HP: 31/42 MP: 6/10
  4934 | D:6      | Reached skill level 5 in Axes
  4984 | D:6      | Slain by a gnoll sergeant

Illustrated notes

Levels and vault maps discovered:
D:1:      sevenhm_arrival_forest_fort_small_6, layout_basic, serial_shops, shop
D:2:      layout_basic
D:3:      layout_loops_corners, dk_xom_monty_hall,
          shapermc_ecumenical_altar_ellora, minmay_misc_feat_roman, uniq_ijyb
D:4:      layout_loops_ring, chequers_temple_overflow_minitemple
D:5:      layout_loops_ring, dk_rats_in_the_wall
D:6:      layout_cave_pods, st_stairs_4

Skill      XL: |  1  2  3  4  5  6  7  8 |
---------------+-------------------------+-----
Axes           | 2 3 4 5 |  5.0
Fighting       | 3 |  3.9
Dodging        | 1 2 |  2.8
Throwing       | 1 2 |  2.0
Armour         | 3 |  3.9
Shields        | 3 |  3.6
Evocations     | 1 2 |  2.8
Invocations    | 1 2 |  2.3

Action                   |  1- 3 |  4- 6 |  7- 9 || total
-------------------------+-------+-------+-------++-------
Melee: War axe           |   119 |   119 |    84 ||   322
       Bite              |    21 |    38 |    21 ||    80
Throw: Dart              |       |       |     1 ||     1
  Use: Scroll            |     3 |     6 |     2 ||    11
Armor: Scale mail        |    52 |    12 |       ||    64
       Chain mail        |       |    35 |    23 ||    58
       Plate armour      |       |       |    53 ||    53
Dodge: Dodged            |    57 |    35 |    19 ||   111
Block: Buckler           |    24 |     1 |       ||    25
       Kite shield       |       |    48 |    42 ||    90

Table legend: (Time is in decaauts)
 A = Elapsed time spent in this place.
 B = Non-inter-level travel time spent in this place.
 C = Inter-level travel time spent in this place.
 D = Time resting spent in this place.
 E = Time spent auto-exploring this place.
 F = Levels seen in this place.
 G = Mean time per level.
                   A        B        C        D        E       F      G
               +--------+--------+--------+--------+--------+-----+--------+
         Total |   5131 |   4977 |    154 |    142 |   3829 |   6 |  855.2 |
       Dungeon |   5131 |   4977 |    154 |    142 |   3829 |   6 |  855.2 |
               +--------+--------+--------+--------+--------+-----+--------+

Top non-repeatable levels by time:
     D:1: 1359 daAuts
     D:3: 1026 daAuts
     D:4: 986 daAuts
     D:2: 726 daAuts
     D:5: 717 daAuts
     D:6: 315 daAuts
